 Dungeon Crawl Stone Soup version 0.18-a0-844-g9229740 (webtiles) character file.

27213 JokEr the Fighter (level 13, -9/124 HPs)
             Began as a Minotaur Fighter on Dec 19, 2015.
             Was the Champion of Okawaru.
             Killed from afar by an ice statue (18 damage)
             ... with a shard of ice
             ... in an ice cave on Dec 20, 2015.
             The game lasted 00:43:52 (16051 turns).

JokEr the Fighter (Minotaur Fighter)               Turns: 16051, Time: 00:43:53

Health: -9/124     AC: 23    Str: 36    XL:     13   Next: 3%
Magic:  17/18      EV: 15    Int: 10    God:    Okawaru [******]
Gold:   750        SH:  0    Dex: 10    Spells: 0 memorised, 12 levels left

rFire  x . .     SeeInvis .     S - +10 glaive "Jellyslayer" {chop, Str+5}
rCold  + . .     Gourm    .     g - +1 plate armour
rNeg   . . .     Faith    .     (shield currently unavailable)
rPois  .         Spirit   .     (helmet unavailable)
rElec  .         Dismiss  .     R - +2 cloak
rCorr  .         Reflect  .     U - +0 pair of gloves
SustAt .         Harm     +     I - +0 pair of boots
MR     .....                    w - amulet of harm
Stlth  ..........               t - +3 ring of strength
                                Y - ring of ice

@: brilliant, lethally poisoned (-9 -> -16), liquid flames, heroism, very
slightly contaminated, hasted, glowing, very quick, not resistant to hostile
enchantments, extremely unstealthy
A: retaliatory headbutt, horns 3, strong 1
a: Heroism, Finesse, Renounce Religion


You were in an ice cave.
You worshipped Okawaru.
Okawaru was exalted by your worship.
You were not hungry.

You visited 2 branches of the dungeon, and saw 15 of its levels.
You also visited: Ice Cave.

You collected 750 gold pieces.

Inventory:

Hand Weapons
 G - a +3 spear of piercing
 S - the +10 glaive "Jellyslayer" (weapon) {chop, Str+5}
   (Okawaru gifted it to you on level 1 of the Lair of Beasts)

   It inflicts extra damage upon your enemies.
   It affects your strength (+5).
Armour
 c - a +0 shield
 g - a +1 plate armour (worn)
 I - a +0 pair of boots (worn)
 R - a +2 cloak (worn)
 U - a +0 pair of gloves (worn)
Jewellery
 i - an uncursed ring of poison resistance
 t - a +3 ring of strength (right hand)
 w - an amulet of harm (around neck)
 y - an uncursed ring of protection from fire
 B - an uncursed ring of sustain attributes
 C - an uncursed ring of stealth
 Y - a ring of ice (left hand)
Wands
 d - a wand of enslavement (2)
 j - a wand of digging (7)
 q - a wand of slowing (26)
 u - a wand of fireball (1)
 x - a wand of slowing (24)
 z - a wand of frost (48)
 H - a wand of flame (11)
 J - a wand of digging (12)
 M - a wand of confusion (20)
 N - a wand of draining (3)
 V - a wand of confusion (28)
Scrolls
 b - a scroll of enchant weapon
 h - 3 scrolls of magic mapping
 o - a scroll of recharging
 s - 5 scrolls of remove curse
 P - 2 scrolls of amnesia
 T - 2 scrolls of teleportation
 W - a scroll of fog {unknown}
 X - a scroll of identify
Potions
 e - a potion of cure mutation {unknown}
 k - a potion of invisibility {unknown}
 m - a potion of lignification {unknown}
 p - 2 potions of haste
 r - a potion of brilliance
 D - a potion of agility {unknown}
 E - a potion of ambrosia {unknown}
 F - 2 potions of mutation {unknown}
 O - 2 potions of magic {unknown}
 Q - a potion of heal wounds
 Z - a potion of curing
Books
 l - a book of Geomancy

   Spells                             Type                      Level
   a - Sandblast                      Earth                        1
   b - Stoneskin                      Transmutation/Earth          2
   c - Passwall                       Transmutation/Earth          3
   d - Stone Arrow                    Conjuration/Earth            3
   e - Petrify                        Transmutation/Earth          4
   f - Lee's Rapid Deconstruction     Earth                        5
 A - a book of Battle

   Spells                             Type                      Level
   a - Infusion                       Charms                       1
   b - Shroud of Golubria             Charms/Translocation         2
   c - Song of Slaying                Charms                       2
   d - Spectral Weapon                Hexes/Charms                 3
   e - Regeneration                   Charms/Necromancy            3
Comestibles
 a - 3 fruits
 f - 8 bread rations
 n - 5 meat rations
 v - a royal jelly
 K - 6 beef jerkies
 L - 2 slices of pizza


   Skills:
 - Level 14.1(19.1) Fighting
 - Level 14.0(19.0) Polearms
 - Level 7.7(12.7) Armour
 + Level 11.0(16.0) Dodging
 - Level 3.6(8.6) Shields
 + Level 8.0 Evocations


You had 12 spell levels left.
You didn't know any spells.

Dungeon Overview and Level Annotations

Branches:
Dungeon (10/15)            Temple (0/1) D:4            Lair (5/8) D:10
 Shoals (0/4) Lair:5          Orc (0/2) D:10
  Snake: Lair:3-6    Spider: Lair:3-6

Altars:
Cheibriados
Dithmenos
Elyvilon
Nemelex Xobeh
Okawaru
Yredelemnul
Zin
The Shining One

Portals:
Trove: D:10 (give wand of heal wounds (9))

Annotations:
D:9 Maud IceCv exclusion: ice statue, Scytalen's ghost, journeyman DrFE; kak's ghost, adept GrVM


Innate Abilities, Weirdness & Mutations

You reflexively headbutt those who attack you in melee.
You have a pair of large horns on your head.
Your muscles are strong. (Str +2)


Message History

* * * LOW HITPOINT WARNING * * *
Your surroundings suddenly seem different.
You feel sick.
A white imp comes into view.
The white imp shouts!
A white imp comes into view.
The white imp shouts!
An ufetubus comes into view.
The ufetubus shouts!
A white imp comes into view.
The white imp shouts, "Flounder, thou euchred beetle-headed cloven-toed!"
An ufetubus comes into view.
The ufetubus shouts!
A white imp comes into view.
The white imp shouts!
Marking area around the ice statue as unsafe for travelling.
An ice statue comes into view.
The ice statue throws ice at you. The shard of ice hits you!
You partially resist.
You die...

## ## ##.#.#### ##
##..55..8# ### ##.
#.5.....####..# ###..
#...@....##....##....
#.55.5......#.....b.∩
##.........# #....bW.
#...5...### ##..##b.
#.5....## ######.
#......8 ## ##.5...##
##....#


You could see 2 ice statues, 6 white imps and 3 ufetubi.

Vanquished Creatures
  Gastronok (Lair:1)
  3 hydras
  A centaur warrior (D:10)
  Sonja (D:10)
  A deep elf mage (D:10)
  2 griffons
  3 elephants (Lair:4)
  Joseph (D:7)
  A black mamba (Lair:2)
  4 komodo dragons
  6 spiny frogs
  2 sirens (Lair:5)
  A fire drake (Lair:3)
  2 polar bears
  2 merfolk (Lair:5)
  20 blink frogs
  Sigmund (D:4)
  2 spriggans (Lair:3)
  A basilisk (Lair:3)
  6 wolves
  3 hippogriffs
  Edmund (D:4)
  11 yaks (Lair:2)
  Menkaure (D:4)
  A swamp drake (D:10)
  Duvessa (D:6)
  3 water moccasins
  3 ice beasts
  4 sky beasts
  2 ogres
  6 orc warriors
  3 black bears
  5 porcupines
  A necrophage (D:7)
  3 centaurs
  3 phantoms
  2 big kobolds
  5 crocodiles
  19 giant frogs
  Dowan (D:6)
  A water moccasin skeleton (D:5)
  2 scorpions
  11 wights
  2 crimson imps
  A wasp zombie (D:10)
  A giant frog zombie (D:6)
  3 centaur zombies (D:6)
  Crazy Yiuf (D:6)
  A gnoll shaman (D:7)
  6 hounds
  13 orc priests
  10 iguanas
  9 orc wizards
  Jessica (D:2)
  3 centaur skeletons
  Ijyb (D:2)
  8 worker ants
  5 sheep (Lair:2)
  A worker ant zombie (D:6)
  9 gnolls
  28 river rats
  2 shadow imps
  19 adders
  12 white imps (Lair:5)
  An ufetubus (IceCv)
  2 oozes
  2 adder skeletons
  5 worms
  4 giant geckos
  45 orcs
  5 giant cockroaches
  3 goblins
  8 hobgoblins
  12 jackals
  8 quokkas
  A ball python (D:4)
  10 bats
  5 giant newts
  2 gnoll zombies (D:8)
  A jackal zombie (D:7)
  13 kobolds
  A quokka zombie (D:5)
  11 rats
428 creatures vanquished.

Vanquished Creatures (others)
  2 fungi
  A plant (Lair:2)
3 creatures vanquished.

Grand Total: 431 creatures vanquished

Notes
Turn   | Place    | Note
--------------------------------------------------------------
     0 | D:1      | JokEr the Minotaur Fighter began the quest for the Orb.
     0 | D:1      | Reached XP level 1. HP: 19/19 MP: 0/0
   305 | D:1      | Reached skill level 4 in Fighting
   305 | D:1      | Reached XP level 2. HP: 27/27 MP: 1/1
   826 | D:2      | Reached XP level 3. HP: 31/34 MP: 2/2
   889 | D:2      | Noticed Ijyb
   918 | D:2      | Killed Ijyb
   925 | D:2      | Reached skill level 5 in Fighting
  1174 | D:2      | Noticed Jessica
  1192 | D:2      | Killed Jessica
  1192 | D:2      | Reached XP level 4. HP: 42/42 MP: 3/3
  1648 | D:2      | Reached XP level 5. HP: 46/49 MP: 4/4
  2076 | D:3      | Noticed a hippogriff
  2240 | D:3      | Found an iron altar of Okawaru.
  2251 | D:3      | Became a worshipper of Warmaster Okawaru
  2420 | D:3      | Found a snail-covered altar of Cheibriados.
  2422 | D:3      | Reached skill level 5 in Polearms
  2540 | D:3      | Found a glowing silver altar of Zin.
  2540 | D:3      | Noticed an angel
  2673 | D:3      | Killed a hippogriff
  2673 | D:3      | Reached skill level 6 in Fighting
  2673 | D:3      | Reached XP level 6. HP: 48/58 MP: 5/5
  3028 | D:4      | Found a staircase to the Ecumenical Temple.
  3036 | D:4      | Noticed Sigmund
  3050 | D:4      | Killed Sigmund
  3050 | D:4      | Reached skill level 7 in Fighting
  3060 | D:4      | Noticed Menkaure
  3065 | D:4      | Killed Menkaure
  3065 | D:4      | Reached * piety under Okawaru
  3065 | D:4      | Reached XP level 7. HP: 30/66 MP: 6/6
  3245 | D:4      | Noticed Edmund
  3270 | D:4      | Killed Edmund
  3270 | D:4      | Reached skill level 8 in Fighting
  3560 | D:4      | Found a glowing golden altar of the Shining One.
  3827 | D:5      | Entered Level 5 of the Dungeon
  3916 | D:5      | Noticed a tengu warrior
  4242 | D:5      | Reached ** piety under Okawaru
  4242 | D:5      | Reached XP level 8. HP: 75/75 MP: 7/7
  4686 | D:5      | Reached skill level 9 in Fighting
  5286 | D:6      | Noticed Duvessa
  5286 | D:6      | Noticed Dowan
  5310 | D:6      | Killed Duvessa
  5310 | D:6      | Reached skill level 10 in Fighting
  5316 | D:6      | Killed Dowan
  5333 | D:6      | Reached skill level 10 in Polearms
  5406 | D:6      | Reached *** piety under Okawaru
  5446 | D:6      | Reached XP level 9. HP: 86/86 MP: 8/8
  5951 | D:6      | Reached skill level 11 in Fighting
  6192 | D:6      | Reached **** piety under Okawaru
  6542 | D:6      | Found a shadowy altar of Dithmenos.
  6593 | D:6      | Noticed Crazy Yiuf
  6597 | D:6      | Killed Crazy Yiuf
  6860 | D:7      | Found a sparkling altar of Nemelex Xobeh.
  6987 | D:7      | Found a white marble altar of Elyvilon.
  7193 | D:7      | Noticed Joseph
  7213 | D:7      | Killed Joseph
  7213 | D:7      | Reached skill level 12 in Fighting
  7573 | D:7      | Reached XP level 10. HP: 89/97 MP: 9/9
  7884 | D:8      | Reached ***** piety under Okawaru
  8550 | D:8      | Found a basalt altar of Yredelemnul.
  9572 | D:10     | Entered Level 10 of the Dungeon
  9572 | D:10     | Noticed Sonja
  9891 | D:10     | Noticed Maud
 10502 | D:10     | Reached skill level 1 in Dodging
 11074 | D:10     | Noticed a deep elf mage
 11098 | D:10     | Killed a deep elf mage
 11098 | D:10     | Reached skill level 5 in Armour
 11233 | D:10     | Found a portal to a secret trove of treasure.
 11265 | D:10     | Found a staircase to the Lair.
 11265 | D:10     | Noticed a centaur warrior
 11431 | D:10     | Killed a centaur warrior
 11533 | D:10     | Killed Sonja
 11533 | D:10     | Reached skill level 5 in Dodging
 11692 | D:10     | Reached XP level 11. HP: 97/106 MP: 10/10
 11932 | D:10     | Found a staircase to the Orcish Mines.
 12188 | Lair:1   | Entered Level 1 of the Lair of Beasts
 12354 | Lair:1   | Noticed Gastronok
 12386 | Lair:1   | Killed Gastronok
 12386 | Lair:1   | Received a gift from Okawaru
 12386 | Lair:1   | Reached skill level 13 in Fighting
 12391 | Lair:1   | Got a blackened glaive {god gift}
 12397 | Lair:1   | Identified the +10 glaive "Jellyslayer" {chop, Str+5} (Okawaru gifted it to you on level 1 of the Lair of Beasts)
 12841 | Lair:1   | Gained mutation: Your muscles are strong. (Str +2) [potion of beneficial mutation]
 12842 | Lair:1   | Gained mutation: You have a pair of large horns on your head. [potion of beneficial mutation]
 12870 | Lair:2   | Reached skill level 14 in Fighting
 13115 | Lair:2   | Noticed a five-headed hydra
 13129 | Lair:2   | Killed a nine-headed hydra
 13129 | Lair:2   | Reached skill level 1 in Evocations
 13135 | Lair:2   | Received a gift from Okawaru
 13358 | Lair:2   | Noticed a five-headed hydra
 13370 | Lair:2   | Killed an eight-headed hydra
 13370 | Lair:2   | Reached XP level 12. HP: 93/117 MP: 10/13
 13617 | Lair:2   | Reached ****** piety under Okawaru
 13933 | Lair:3   | Reached skill level 5 in Evocations
 13983 | Lair:3   | Received a gift from Okawaru
 14860 | Lair:4   | Reached skill level 10 in Dodging
 15460 | Lair:4   | Noticed a six-headed hydra
 15466 | Lair:4   | Killed a seven-headed hydra
 15797 | Lair:5   | Found a frozen archway.
 15942 | Lair:5   | Found a staircase to the Shoals.
 15945 | Lair:5   | Reached XP level 13. HP: 97/124 MP: 17/17
 16038 | IceCv    | Entered an ice cave
 16038 | IceCv    | Noticed kak's ghost (adept GrVM)
 16038 | IceCv    | Noticed Scytalen's ghost (journeyman DrFE)
 16051 | IceCv    | Killed from afar by an ice statue

Vault maps used:
D:1:      dpeg_arrival_solitude
D:2:      uniq_jessica, uniq_iyjb
D:3:      zin_angel, okawaru_trees_2, cheibriados_altar_1, minmay_misc_feat_room
D:4:      tso_metal_star, temple_fountains, uniq_menkaure, uniq_sigmund,
          uniq_edmund
D:5:      kennysheep_big_flooded_room, first_bread
D:6:      kennysheep_mini_moat, grunt_potential, uniq_duvessa,
          uniq_crazy_yiuf_cottage
D:7:      grunt_temple_overflow_open, uniq_joseph
D:8:      lemuel_zombie_altar_yredelemnul
D:10:     lair_0_dummy, erik_orc_1, enter_trove_2, uniq_sonja, uniq_maud
Lair:1:   grunt_forest_small_clearing_treed, uniq_gastronok
Lair:2:   grunt_megastairs_5, lemuel_fruit_fields, infiniplex_staircase_pool
Lair:3:   forest_entry_grove
Lair:5:   elwin_shoals_entry_stream, portal_ice_cave_entry_imps,
          serial_bayou_crossing, lemuel_fruit_fields
IceCv:    ice_cave_small_demon

Action                   |  1- 3 |  4- 6 |  7- 9 | 10-12 | 13-15 || total
-------------------------+-------+-------+-------+-------+-------++-------
Melee: Trident           |    85 |   172 |   240 |       |       ||   497
       Spear             |       |       |   247 |   437 |       ||   684
       Glaive            |       |       |       |   280 |     3 ||   283
Invok: Finesse           |       |       |       |     5 |       ||     5
       Heroism           |       |       |       |     4 |     1 ||     5
  Use: Scroll            |     4 |     4 |     9 |    10 |     1 ||    28
       Potion            |     1 |     3 |     1 |     8 |     2 ||    15
  Eat: Chunk             |     1 |     4 |     6 |    15 |       ||    26
       Bread ration      |       |     1 |     1 |     1 |       ||     3
       Royal jelly       |       |       |     1 |       |       ||     1
       Pizza             |       |       |       |     2 |       ||     2
       Fruit             |       |       |       |     4 |       ||     4
       Meat ration       |       |       |       |     1 |       ||     1
